AoeStats
← VbadGamer

Arabia

505821484Analyzed
1v1 RM · 20d ago on Sep 11, 2026· 41m 55s· 2 players
Game mode
Random Map
Map size
Tiny (2 player)
Population
200
Speed
Normal
Resources
Standard
Victory
Conquest
Starting age
Dark Age
Ending age
Imperial Age
RankedLock teamsTeams togetherTeam positionsShared explorationLock speedFull tech treeHidden civsTurbo modeCheats
Victory
Defeat
🇦🇺 Magyars · Australia
690
+19
🇻🇳 Berbers · Vietnam
746
-19
VbadGamer
11:38 Feudal Age
12:20 Double-Bit Axe
12:18 Horse Collar
17:49 Scale Barding Armor
18:00 Man-at-Arms
21:06 Bloodlines
21:51 Scale Mail Armor
30:50 Castle Age
32:17 Long Swordsman
37:49 Husbandry
38:20 Arson
42:00 Gold Mining
NSA_tagaketa
3:24 Loom
11:32 Feudal Age
12:14 Man-at-Arms
14:07 Scale Mail Armor
16:10 Forging
24:15 Castle Age
26:19 Squires
27:02 Pikeman
31:32 Double-Bit Axe
31:29 Horse Collar
32:33 Long Swordsman
35:40 Heavy Plow
42:12 Fletching
Connection lost

Rejoining the realm…

Still unreachable

The connection could not be restored.

Session expired

The server has moved on; the page needs a fresh start.